Map: Ephemeron LE

Players

MoonCake

  • Race: Zerg Zerg
  • Spawn Location: 5:00

Temper - Winner!

  • Race: Zerg Zerg
  • League: Master
  • Spawn Location: 11:00

VOD

Have the link to the VOD?

Description

Time

  • Played on: Oct. 1, 2019, 5:02 a.m.
  • Length: 11:13
Show
View Real Time Build Order
Export as new Build Order

MoonCake Zerg 

Build Orders: Hatch First 

Get SALT Encoding   

  12  0:01  Drone  
  13  0:13  Overlord  
  13  0:17  Drone  
  14  0:31  Drone x2  
  14  0:35  Drone  
  17  0:51  Hatchery  
  17  0:55  Drone  
  17  0:59  Drone  
  17  1:01  Extractor  
  17  1:18  Drone, Spawning Pool  
  17  1:21  Drone  
  18  1:28  Drone  
  19  1:41  Overlord  
  19  1:53  Drone  
  21  2:01  Drone  
  21  2:04  Queen, Metabolic Boost  
  21  2:06  Queen  
  25  2:10  Zergling x2  
  26  2:17  Drone x2  
  28  2:27  Overlord  
  28  2:32  Drone  
  29  2:38  Evolution Chamber  
  29  2:39  Drone x2  
  30  2:47  Zergling x2  
  30  2:48  Zergling x2  
  32  3:04  Drone  
  32  3:05  Drone  
  34  3:15  Zerg Ground Armor Level 1  
  34  3:17  Hatchery  
  34  3:19  Drone x3  
  37  3:20  Drone  
  37  3:25  Baneling Nest  
  36  3:32  Zergling x6  
  36  3:34  Drone  
  40  3:39  Queen  
  42  3:43  Overlord  
  42  3:48  Drone x2  
  44  4:03  Drone x4  
  44  4:04  Drone, Overlord  
  44  4:07  Lair  
  49  4:14  Overlord  
  49  4:16  Drone x2  
  51  4:22  Overlord  
  50  4:25  Drone  
  50  4:26  Drone x3, Extractor  
  50  4:27  Extractor  
  52  4:34  Drone x3  
  55  4:44  Drone x2, Roach Warren  
  55  4:45  Drone  
  56  4:53  Overlord  
  56  5:06  Overlord  
  54  5:09  Zerg Missile Weapons Level 1  
  54  5:17  Drone  
  55  5:23  Glial Reconstitution  
  55  5:25  Roach x4  
  55  5:26  Roach x6  
  74  5:35  Roach x2  
  78  5:42  Roach x3  
  84  5:44  Zergling x8  
  84  5:47  Extractor  
  87  5:51  Roach  
  87  5:54  Overlord x3  
  87  5:56  Zergling x2  
  90  6:11  Overlord x2  
  90  6:21  Roach x3  
  90  6:22  Roach  
  98  6:28  Hatchery  
  98  6:31  Roach x2  
  100  6:42  Roach x2  
  104  6:50  Roach x4  
  104  6:51  Roach x3  
  115  7:00  Burrow  
  113  7:01  Tunneling Claws  
  113  7:03  Overseer  
  113  7:04  Overseer  
  113  7:10  Roach  
  113  7:11  Roach x2  
  119  7:16  Zergling x4  
  119  7:17  Zergling x4  
  119  7:19  Overlord x3  
  123  7:23  Zerg Missile Weapons Level 2  
  123  7:31  Spore Crawler  
  123  7:32  Spore Crawler  
  123  7:36  Drone x2, Spore Crawler  
  123  7:37  Drone  
  119  7:45  Zergling x2  
  119  7:49  Drone x3, Spore Crawler  
  119  7:50  Drone x4  
  114  7:52  Drone x2  
  114  7:57  Drone  
  83  8:12  Roach x5  
  83  8:13  Roach  
  79  8:21  Spore Crawler  
  79  8:22  Roach x2  
  79  8:25  Hydralisk Den  
  81  8:30  Spore Crawler, Roach x2  
  81  8:31  Roach  
  81  8:32  Drone x3  
  81  8:33  Drone  
  90  8:44  Drone x3, Extractor  
  90  8:45  Drone x4, Extractor  
  90  8:48  Overseer  
  95  8:54  Roach x3  
  101  9:02  Hydralisk x3  
  107  9:10  Baneling x2, Hydralisk x2  
  111  9:18  Hydralisk x3  
  111  9:21  Overlord  
  117  9:26  Infestation Pit  
  117  9:29  Grooved Spines  
  116  9:44  Roach x3  
  116  9:45  Roach x3  
  128  9:52  Hydralisk x6  
  124  10:00  Queen  
  124  10:01  Drone x4  
  124  10:04  Overlord  
  130  10:21  Spore Crawler  
  130  10:26  Roach  
  130  10:27  Roach x3  
  133  10:34  Hydralisk x4  
  116  10:39  Roach x2  
  116  10:40  Roach x3  
  104  10:44  Roach x4  
  104  10:49  Roach x5  
  106  10:50  Roach  
Show
View Real Time Build Order
Export as new Build Order

Temper Zerg - Winner!

Build Orders: Hatch First 

Get SALT Encoding   

  12  0:01  Drone  
  13  0:12  Overlord  
  13  0:18  Drone  
  14  0:30  Drone x2  
  16  0:49  Hatchery  
  15  0:52  Drone  
  15  0:55  Drone  
  17  0:59  Drone  
  18  1:10  Extractor  
  17  1:16  Spawning Pool  
  17  1:17  Drone  
  17  1:21  Drone  
  20  1:32  Drone  
  20  1:40  Drone  
  21  1:53  Drone  
  22  2:02  Queen x2  
  22  2:03  Zergling x2  
  22  2:08  Drone  
  28  2:11  Overlord  
  28  2:19  Overlord  
  28  2:30  Drone x2  
  28  2:32  Drone  
  28  2:33  Drone, Extractor x2  
  30  2:37  Queen  
  30  2:38  Queen  
  30  2:43  Drone  
  35  2:44  Drone  
  36  2:55  Drone  
  36  2:56  Drone  
  37  3:07  Evolution Chamber, Drone  
  37  3:08  Evolution Chamber, Drone  
  37  3:11  Roach Warren  
  36  3:18  Drone x3  
  36  3:19  Drone x2  
  41  3:26  Lair  
  41  3:34  Drone x2  
  41  3:36  Extractor  
  41  3:37  Drone, Extractor  
  41  3:41  Drone x2  
  44  3:45  Zerg Missile Weapons Level 1  
  44  3:49  Overlord  
  44  4:03  Zerg Ground Armor Level 1  
  44  4:10  Drone x4  
  44  4:11  Drone x2  
  44  4:12  Drone  
  51  4:20  Overlord  
  51  4:21  Overlord  
  51  4:25  Glial Reconstitution  
  51  4:28  Drone  
  52  4:31  Overlord  
  52  4:40  Roach x3  
  52  4:42  Roach  
  52  4:44  Roach  
  62  4:54  Roach x4  
  70  5:06  Roach x3  
  76  5:09  Overlord  
  76  5:23  Overlord  
  76  5:30  Roach x4  
  84  5:37  Spire  
  84  5:38  Extractor, Roach  
  84  5:40  Overlord  
  84  5:46  Zerg Missile Weapons Level 2  
  84  5:55  Hatchery  
  84  5:56  Drone  
  85  5:57  Drone  
  85  5:59  Overseer  
  86  6:08  Roach  
  86  6:09  Roach x6  
  94  6:16  Zerg Ground Armor Level 2  
  92  6:26  Roach x3  
  92  6:27  Roach  
  100  6:35  Overlord x2  
  98  6:50  Mutalisk  
  98  6:53  Overlord x3  
  100  6:58  Mutalisk x3  
  104  7:05  Queen  
  104  7:07  Mutalisk x2  
  110  7:13  Drone  
  111  7:18  Mutalisk  
  113  7:24  Roach  
  113  7:25  Roach x2  
  119  7:32  Roach x3  
  119  7:35  Drone x4  
  129  7:48  Roach x5  
  127  7:56  Roach x3  
  113  8:02  Roach x2  
  113  8:03  Roach  
  107  8:10  Drone x3  
  104  8:15  Mutalisk x2  
  108  8:21  Roach  
  110  8:28  Roach x2  
  110  8:32  Roach  
  118  8:41  Roach x3  
  118  8:42  Roach  
  124  8:52  Extractor  
  123  8:56  Extractor, Roach x6  
  123  8:58  Drone  
  123  8:59  Drone  
  123  9:00  Drone  
  137  9:03  Hatchery  
  137  9:04  Drone x2  
  137  9:06  Drone  
  139  9:12  Roach  
  139  9:13  Roach x2  
  139  9:14  Overlord  
  139  9:16  Drone  
  146  9:42  Roach  
  146  9:43  Roach x3  
  140  9:59  Ravager x6  
  146  10:00  Ravager x4  
  146  10:01  Overlord x3  
  146  10:02  Overlord x2  
  146  10:11  Overlord x2  
  146  10:25  Roach x10  
  146  10:26  Roach  
  164  10:34  Roach  
  164  10:35  Roach x2  
  134  10:49  Roach x11  
Tags
 
League
Master
Matchup
ZvZ
Race
Zerg
Spawn Locations
Cross Positions
Add a new tag
Caveats
  • Supply blocks, unpowered buildings, or Contaminate may cause inaccurate times.
  • Supply counts are checked every 10 seconds.